 Dungeon Crawl Stone Soup version 0.31-a0-1178-gc5c9b8f871 (webtiles) character file.

Game seed: 5233829589166399787

4933 grandjackal the Fighter (level 10, -4/84 HPs)
             Began as a Demonspawn Gladiator on Dec 12, 2023.
             Was an Elder of Okawaru.
             Slain by an eight-headed hydra (8 damage)
             ... on level 8 of the Dungeon.
             The game lasted 00:10:31 (7115 turns).

grandjackal the Fighter (Demonspawn Gladiator)      Turns: 7115, Time: 00:10:31

Health: -4/84      AC: 20    Str: 24    XL:     10   Next: 27%
Magic:  15/16      EV: 13    Int:  8    God:    Okawaru [****..]
Gold:   317        SH:  0    Dex: 21    Spells: 9/9 levels left

rFire   . . .        k - +0 orcbow
rCold   + . .        (shield currently unavailable)
rNeg    + . .        w - +4 chain mail {rC+}
rPois   +            c - +0 helmet
rElec   .            E - +0 cloak
rCorr   .            (no gloves)
SInv    +            x - +0 pair of boots of Resourcefulness {Dex+3 SInv}
Will    .....        r - amulet of regeneration
Stlth   +            i - +6 ring of strength
HPRegen 1.14/turn    m - ring "Linliovo" {Wiz rPois rN+ Dex+2}
MPRegen 0.15/turn

%: wizardry (x1)
@: heroic
A: slimy green scales 2, ignite blood 1, powered by death 2, weakness stinger 1
a: Renounce Religion, Heroism, Finesse


You were on level 8 of the Dungeon.
You worshipped Okawaru.
Okawaru was greatly pleased with you.
You visited 1 branch of the dungeon, and saw 8 of its levels.

You collected 317 gold pieces.

Inventory:

Hand Weapons
 a - a +0 war axe
 k - a +0 orcbow (weapon)
 D - a +0 sling
 J - a +0 broad axe
Missiles
 d - 2 throwing nets (quivered)
 e - 7 javelins
 z - 6 boomerangs
Armour
 c - a +0 helmet (worn)
 w - a +4 chain mail of cold resistance (worn)
 x - the +0 pair of boots of Resourcefulness (worn) {Dex+3 SInv}
   (You found it on level 3 of the Dungeon)

   Dex+3:     It affects your dexterity (+3).
   SInv:      It lets you see invisible.
 E - a +0 cloak (worn)
Jewellery
 g - a ring of magical power
 i - a +6 ring of strength (left hand)
 m - the ring "Linliovo" (right hand) {Wiz rPois rN+ Dex+2}
   (You found it on level 8 of the Dungeon)

   [ring of wizardry]

   Wiz:       It improves your spell success rate.
   Dex+2:     It affects your dexterity (+2).
   rPois:     It protects you from poison rN+: It protects you from negative
   energy.
 r - an amulet of regeneration (around neck)
 C - a ring of positive energy
 F - a +6 ring of strength
Wands
 B - a wand of mindburst (3)
 G - a wand of paralysis (10)
Scrolls
 b - a scroll of silence {unknown}
 j - a scroll of fear {unknown}
 q - a scroll of fog {unknown}
 t - 2 scrolls of blinking
 v - 4 scrolls of revelation {unknown}
 y - 2 scrolls of teleportation {unknown}
 A - a scroll of vulnerability {unknown}
 H - a scroll of summoning {unknown}
 I - 2 scrolls of immolation {unknown}
 L - a scroll of noise {unknown}
Potions
 f - 2 potions of ambrosia
 h - 2 potions of mutation
 l - 2 potions of enlightenment
 n - a potion of berserk rage
 o - a potion of might {unknown}
 p - 4 potions of curing
 s - a potion of attraction
 u - 3 potions of degeneration {unknown}
 K - a potion of brilliance {unknown}


   Skills:
 + Level 9.7(14.7) Fighting
 - Level 6.0(11.0) Axes
 + Level 6.6(11.6) Ranged Weapons
 - Level 2.0(7.0) Throwing
 - Level 3.0(8.0) Dodging
 + Level 9.2 Invocations


You had 9 spell levels left.
You didn't know any spells.
Your spell library contained the following spells:

 Spells                   Type           Power      Damage    Failure   Level
 Necrotise                Necr           0%         1d4       65%         1
 Sting                    Tmut/Pois      0%         1d3       65%         1
 Poisonous Vapours        Pois/Air       0%         N/A       77%         2
 Dazzling Flash           Conj/Hex       0%         N/A       93%         3
 Ozocubu's Armour         Ice            0%         N/A       93%         3
 Vampiric Draining        Necr           0%         2d6       93%         3
 Volatile Blastmotes      Fire/Tloc      0%         2d10      93%         3
 Fulminant Prism          Conj/Hex       0%         3d5       100%        4
 Iskenderun's Mystic Bla  Conj/Tloc      0%         2d3       100%        4
 Olgreb's Toxic Radiance  Pois           0%         N/A       100%        4
 Agony                    Necr           0%         N/A       100%        5
 Conjure Ball Lightning   Conj/Air       0%         3x3d6     100%        6
 Starburst                Conj/Fire      0%         6d3       100%        6
 Ozocubu's Refrigeration  Ice            0%         4d7       100%        7
 Discord                  Hex            0%         N/A       100%        8
 Disjunction              Tloc           0%         N/A       100%        8
 Maxwell's Capacitive Co  Air            0%         ∞         100%        8


Dungeon Overview and Level Annotations

Branches:
Dungeon (8/15)             Temple (0/1) D:4
   Lair: D:8-11

Altars:
Fedhas
Gozag
Hepliaklqana
Kikubaaqudgha
Makhleb
Okawaru
Ru
Vehumet

Annotations:
D:7 2 transporters, Curundu's ghost, novice MiBe


Innate Abilities, Weirdness & Mutations

You are mostly covered in slimy green scales. (AC +3)
Your demonic aura sometimes causes spilled blood to erupt in flames.
You regenerate health from kills.
You have a small tail.


Message History

The arrow hits the eight-headed hydra but does no damage.
The eight-headed hydra is lightly wounded.
The eight-headed hydra barely misses you.
The eight-headed hydra misses you.
The eight-headed hydra bites you but does no damage.
The eight-headed hydra barely misses you.
The eight-headed hydra closely misses you.
The eight-headed hydra bites you but does no damage.
The eight-headed hydra bites you.
The eight-headed hydra barely misses you.
Unknown command.
The eight-headed hydra attacks as it pursues you!
The eight-headed hydra bites you but does no damage.
The eight-headed hydra bites you!
* * * LOW HITPOINT WARNING * * *
The eight-headed hydra barely misses you.
The eight-headed hydra misses you.
The eight-headed hydra closely misses you.
The eight-headed hydra barely misses you.
The eight-headed hydra bites you but does no damage.
The eight-headed hydra bites you!
* * * LOW HITPOINT WARNING * * *
Unknown command.
Unknown command.
Unknown command.
Throw: 3 throwing nets
Press: ? - help, Q - select action, (/) - cycle Shift-Dir - straight line, f/p - eight-headed hydra
Aim: an eight-headed hydra (flame, lightly wounded, 83% to hit)
You throw a throwing net.
The throwing net barely misses the eight-headed hydra.
The eight-headed hydra is engulfed in blazing flames.
The eight-headed hydra bites you but does no damage.
The eight-headed hydra bites you!
* * * LOW HITPOINT WARNING * * *
The eight-headed hydra barely misses you.
The eight-headed hydra closely misses you.
The eight-headed hydra barely misses you.
The eight-headed hydra bites you but does no damage.
The eight-headed hydra bites you!
You die...

###...#########.
###...###..#[.##.#
###...###.#.#...#.#.
###...###.##.#..##.#.#
#...###.##.##.#.#.#.#.
#.##'..#.)#()#.#.#.#.#
#.)(####.#.##..##.#.#.
###.D.###.)#.#####.#.#
###@..###....#..#D#.
###..)####.#|.##.#
#.....#)..#####...##
#.###.###...##......
.......<#))#.###D# .
..#.#....#)###.#.# ...
#.#.#....#).#.##B#
.....#####.#....##)##....
......†.........##..#....


You could see an eight-headed hydra.

Vanquished Creatures
  A two-headed ogre (D:8)
  A deep elf pyromancer (D:8)
  A cyclops (D:8)
  A troll (D:8)
  Menkaure (D:4)
  3 orc warriors
  2 sky beasts (D:6)
  5 black bears
  4 ice beasts
  4 ogres
  A kobold brigand (D:7)
  Blork the orc (D:5)
  5 bullfrogs
  A gnoll sergeant (D:8)
  A scorpion (D:6)
  5 killer bees (D:8)
  A gnoll bouda (D:6)
  3 hounds
  3 iron imps (D:3)
  4 orc priests
  2 iguanas
  A sleepcap (D:6)
  6 orc wizards
  15 gnolls
  6 adders
  4 white imps
  3 dart slugs (D:2)
  12 orcs
  8 ball pythons
  8 endoplasms
  4 giant cockroaches
  6 hobgoblins
  3 jackals (D:2)
  9 kobolds
  3 quokkas
  8 bats
  A frilled lizard (D:1)
  6 goblins
  3 rats
156 creatures vanquished.

Notes
Turn   | Place    | Note
-------+----------+-------------------------------------------
     0 | D:1      | grandjackal the Demonspawn Gladiator began the quest for
                  | the Orb.
     0 | D:1      | Reached XP level 1. HP: 16/16 MP: 1/1
   192 | D:1      | Gained mutation: Your demonic aura sometimes causes spilled
                  | blood to erupt in flames. [demonic ancestry]
   192 | D:1      | Reached XP level 2. HP: 22/22 MP: 2/2
   707 | D:2      | Found an opulent altar of Gozag.
   842 | D:2      | Reached XP level 3. HP: 28/28 MP: 3/3
  1349 | D:3      | Found a sacrificial altar of Ru.
  1489 | D:3      | Found an ancient bone altar of Kikubaaqudgha.
  1580 | D:3      | Identified the +0 pair of boots of Resourcefulness {Dex+3
                  | SInv}
  1694 | D:3      | Gained mutation: You regenerate a little health from kills.
                  | [demonic ancestry]
  1694 | D:3      | Reached XP level 4. HP: 35/35 MP: 4/4
  1799 | D:3      | Reached XP level 5. HP: 30/42 MP: 5/5
  1914 | D:3      | Noticed an angel
  2163 | D:3      | Found a burning altar of Makhleb.
  2358 | D:4      | Found a radiant altar of Vehumet.
  2548 | D:4      | Noticed an orc warrior
  2554 | D:4      | Gained mutation: You are partially covered in slimy green
                  | scales. (AC +2) [demonic ancestry]
  2554 | D:4      | Reached XP level 6. HP: 49/49 MP: 6/6
  2570 | D:4      | Killed an orc warrior
  2571 | D:4      | Reached skill level 5 in Fighting
  2571 | D:4      | Reached skill level 5 in Axes
  2840 | D:4      | Noticed Menkaure
  2844 | D:4      | Killed Menkaure
  2845 | D:4      | Gained mutation: You regenerate health from kills. [demonic
                  | ancestry]
  2845 | D:4      | Reached XP level 7. HP: 54/57 MP: 7/7
  2934 | D:4      | Found a staircase to the Ecumenical Temple.
  3169 | D:5      | Entered Level 5 of the Dungeon
  3243 | D:4      | Reached skill level 1 in Ranged Weapons
  3444 | D:5      | Found an iron altar of Okawaru.
  3494 | D:5      | Became a worshipper of Warmaster Okawaru
  3523 | D:5      | Reached skill level 1 in Invocations
  3523 | D:5      | Reached XP level 8. HP: 62/65 MP: 8/8
  3744 | D:5      | Noticed Blork the orc
  3754 | D:5      | Killed Blork the orc
  3906 | D:5      | Reached * piety under Okawaru
  4123 | D:5      | Found a hazy altar of Hepliaklqana.
  4383 | D:6      | Reached skill level 5 in Invocations
  4471 | D:6      | Gained mutation: You are mostly covered in slimy green
                  | scales. (AC +3) [demonic ancestry]
  4471 | D:6      | Reached XP level 9. HP: 51/74 MP: 13/13
  4476 | D:6      | Reached ** piety under Okawaru
  5796 | D:7      | Reached skill level 5 in Ranged Weapons
  6171 | D:7      | Noticed Curundu's ghost (novice MiBe)
  6172 | D:7      | Identified the +6 dire flail of Emnorag {flame, rElec rC+
                  | Int+4}
  6172 | D:7      | Noticed a two-headed ogre
  6173 | D:7      | Found a transporter.
  6177 | D:7      | Found a transporter.
  6769 | D:8      | Found a blossoming altar of Fedhas.
  6889 | D:8      | Noticed a deep elf pyromancer
  6901 | D:8      | Noticed a cyclops
  6901 | D:8      | Noticed a two-headed ogre
  6909 | D:8      | Killed a two-headed ogre
  6909 | D:8      | Reached *** piety under Okawaru
  6912 | D:8      | Killed a deep elf pyromancer
  6912 | D:8      | Reached **** piety under Okawaru
  6913 | D:8      | Gained mutation: You have a small tail. [demonic ancestry]
  6913 | D:8      | Reached XP level 10. HP: 22/83 MP: 14/16
  6920 | D:8      | HP: 1/83 [cyclops (7)]
  6924 | D:8      | Killed a cyclops
  7009 | D:8      | Identified the ring "Linliovo" {Wiz rPois rN+ Dex+2}
  7047 | D:8      | Noticed an eight-headed hydra
  7048 | D:8      | Noticed a boulder beetle
  7115 | D:8      | HP: 4/84 [eight-headed hydra (7)]
  7115 | D:8      | Slain by an eight-headed hydra

Illustrated notes

Levels and vault maps discovered:
D:1:      minmay_arrival_diagonal_passages, layout_basic
D:2:      layout_basic, basic_altar, hex_tiny, hangedman_decor_growths,
          chequers_avenue, kennysheep_decorative_pillar
D:3:      minmay_door_path, layout_basic, nicolae_ru_path_of_blood,
          mainiacjoe_overflow_paths, zin_angel, demons_altar, solitary_fountain,
          nicolae_titane
D:4:      layout_basic, mainiacjoe_overflow_surrounded_room, temple_statues,
          uniq_menkaure
D:5:      layout_gridville, overflow_temple_1_default, marbit_many_paths,
          uniq_blork_the_orc
D:6:      nicolae_cairo_tiling_large_dashed, layout_layer_cave
D:7:      layout_layer_cave, gammafunk_ghost_smash,
          chequers_serial_rivers_micro_e
D:8:      minmay_the_grid_four_pointed_star
          [minmay_the_grid_triangle_9x9_corruption,
          minmay_the_grid_triangle_9x9_skeleton,
          minmay_the_grid_triangle_9x9_shrine,
          minmay_the_grid_triangle_9x9_warning,
          minmay_the_grid_prize_four_corners_diamond_b], layout_basic,
          grunt_temple_overflow_forces_of_nature, serial_shops, shop,
          nicolae_water_bricks, minmay_misc_feat_four_crosses

Skill      XL: |  1  2  3  4  5  6  7  8  9 10 |
---------------+-------------------------------+-----
Throwing       | 2 |  2.0
Axes           | 3 4 5 6 |  6.0
Dodging        | 3 |  3.0
Fighting       | 3 4 5 6 7 9 |  9.7
Ranged Weapons | 2 4 6 |  6.6
Invocations    | 1 5 8 9 |  9.2

Action                     |  1- 3 |  4- 6 |  7- 9 | 10-12 || total
---------------------------+-------+-------+-------+-------++-------
  Melee: War axe           |   103 |    75 |   234 |    19 ||   431
         Punch             |       |     2 |     3 |       ||     5
         Tailslap          |       |       |       |     4 ||     4
   Fire: Sling             |       |       |   108 |       ||   108
         Orcbow            |       |       |    12 |     3 ||    15
  Throw: Throwing net      |       |       |       |     1 ||     1
 Invoke: Heroism           |       |       |       |     2 ||     2
  Evoke: Wand              |       |     7 |     2 |     4 ||    13
    Use: Scroll            |       |       |     6 |     1 ||     7
         Potion            |       |       |     6 |     1 ||     7
   Stab: Paralysed         |       |       |       |     2 ||     2
 Armour: Leather armour    |    17 |       |       |       ||    17
         Scale mail        |    51 |    56 |   287 |    11 ||   405
         Chain mail        |       |       |       |    60 ||    60
  Dodge: Dodged            |    76 |    43 |   191 |    46 ||   356

Table legend: (Time is in decaauts)
 A = Elapsed time spent in this place.
 B = Non-inter-level travel time spent in this place.
 C = Inter-level travel time spent in this place.
 D = Time resting spent in this place.
 E = Time spent auto-exploring this place.
 F = Levels seen in this place.
 G = Mean time per level.
                   A        B        C        D        E       F      G
               +--------+--------+--------+--------+--------+-----+--------+
         Total |   7258 |   6960 |    298 |    401 |   5024 |   8 |  907.2 |
       Dungeon |   7258 |   6960 |    298 |    401 |   5024 |   8 |  907.2 |
               +--------+--------+--------+--------+--------+-----+--------+

Top non-repeatable levels by time:
     D:6: 1293 daAuts
     D:7: 1147 daAuts
     D:4: 1025 daAuts
     D:3: 974 daAuts
     D:5: 852 daAuts
     D:2: 820 daAuts
     D:1: 581 daAuts
     D:8: 563 daAuts
